 Dungeon Crawl Stone Soup version 0.24-a0-640-ge7cd8ce796 (webtiles) character file.

Game seed: 15755559632112879862, levelgen mode: deterministic

270 MalarOregon the Caller (level 6, 0/50 HPs)
             Began as a Draconian Summoner on Sept 25, 2019.
             Killed from afar by an orc wizard (10 damage)
             ... with a puff of flame
             ... on level 4 of the Dungeon.
             The game lasted 00:08:49 (4045 turns).

MalarOregon the Caller (Draconian Summoner)         Turns: 4045, Time: 00:08:49

Health: 0/50       AC:  6    Str: 10    XL:     6   Next: 1%
Magic:  4/10       EV: 12    Int: 18    God:
Gold:   179        SH:  3    Dex: 11    Spells: 10/11 levels left

rFire    . . .     SeeInvis .   (no weapon)
rCold    . . .     Gourm    .   g - +0 buckler
rNeg     . . .     Faith    .   (armour unavailable)
rPois    .         Spirit   .   (helmet restricted)
rElec    .         Reflect  .   (no cloak)
rCorr    .         Harm     .   (no gloves)
MR       .....                  (no boots)
Stlth    ++........             (no amulet)
HPRegen  0.16/turn              (no ring)
MPRegen  0.12/turn              (no ring)

@: no status effects
A: unfitting armour, cold-blooded, AC +6
a: no special abilities


You were on level 4 of the Dungeon.
You were not hungry.

You visited 1 branch of the dungeon, and saw 4 of its levels.

You collected 179 gold pieces.

Inventory:

Missiles
 f - 11 atropa-tipped darts
 h - 19 poisoned darts (quivered)
Armour
 g - a +0 buckler (worn)
   (You found it on level 1 of the Dungeon)
Scrolls
 a - a scroll of immolation {unknown}
 b - 2 scrolls of remove curse {unknown}
 c - a scroll of enchant armour {unknown}
 i - a scroll of teleportation {unknown}
 k - 5 scrolls of identify {unknown}
 m - a scroll of magic mapping {unknown}
 o - a scroll of noise {unknown}
 q - a scroll of blinking {unknown}
Potions
 d - a potion of degeneration {unknown}
 j - 2 potions of cancellation {unknown}
 l - a potion of curing {unknown}
 n - a potion of heal wounds {unknown}
 p - a potion of berserk rage {unknown}
Comestibles
 e - 5 rations {!d}


   Skills:
 * Level 2.7 Fighting
 + Level 1.1 Throwing
 * Level 2.9 Dodging
 - Level 1.7 Stealth
 + Level 1.5 Shields
 * Level 3.0 Spellcasting
 * Level 4.9 Summonings


You had 10 spell levels left.
You knew the following spells:

 Your Spells              Type           Power        Failure   Level  Hunger
a - Summon Small Mammal   Summ           ###.         3%          1    None

Your spell library contained the following spells:

 Spells                   Type           Power        Failure   Level  Hunger
 Call Imp                 Summ           ###.....     4%          2    ##.....
 Call Canine Familiar     Summ           ###.....     9%          3    ###....
 Summon Guardian Golem    Hex/Summ       ##......     24%         3    ###....
 Summon Ice Beast         Ice/Summ       ##......     63%         4    ####...
 Summon Lightning Spire   Summ/Air       ##......     63%         4    ####...


Dungeon Overview and Level Annotations

Branches:
Dungeon (4/15)
 Temple: D:4-7

Altars:
Ashenzari
Cheibriados
Dithmenos


Innate Abilities, Weirdness & Mutations

Your plain brown scales are hard. (AC +6)
You cannot fit into any form of body armour.
You are cold-blooded and may be slowed by cold attacks.


Message History

Your rat dies!
Your rat's corpse disappears in a puff of smoke!
The orc wizard looks satisfied for a moment.
Your rat barely misses the orc wizard.
The worm bites your bat.
Your bat dies!
Your bat's corpse disappears in a puff of smoke!
The orc wizard gestures at you while chanting.
You block the puff of flame.
The orc wizard hits you but does no damage.
Your shield prevents you from hitting the orc wizard.
The orc wizard misses you.
Your quokka barely misses the orc wizard.
Your rat barely misses the orc wizard.
Unknown command.
You miss the orc wizard. The orc wizard misses you.
Your quokka barely misses the orc wizard.
The orc wizard casts a spell at you. The puff of flame misses you.
Your rat misses the orc wizard.
Your quokka completely misses the orc wizard.
You hit the orc wizard but do no damage.
Your tail-slap misses the orc wizard.
The orc wizard hits you with a +0 dagger.
* * * LOW HITPOINT WARNING * * *
Your rat misses the orc wizard.
Your quokka completely misses the orc wizard.
The orc wizard points at you and mumbles some strange words.
The puff of frost misses you.
You closely miss the orc wizard. The orc wizard completely misses you.
Your quokka misses the orc wizard. Your rat misses the orc wizard.
The worm barely misses your rat.
You hit the orc wizard.
The orc wizard hits you with a +0 dagger.
* * * LOW HITPOINT WARNING * * *
Your quokka barely misses the orc wizard.
Your rat bites the orc wizard but does no damage.
The orc wizard gestures wildly while chanting.
The orc wizard flickers and vanishes!
Deactivating autopickup; reactivate with Ctrl-A.
You closely miss something.
Your quokka closely misses something.
You hear some strange, mumbled words.
A puff of flame appears from out of thin air!
The puff of flame misses you.
Your rat barely misses something.
The worm bites your rat.
Your rat dies!
Your rat's corpse disappears in a puff of smoke!
Unknown command.
You hear some strange, mumbled words.
A puff of flame appears from out of thin air!
The puff of flame hits you!
You die...

............#
............#
............#
<.##........#
..##.......##
..##.......##
..)...<.....#########
....................##
<............r{.@.#..#
#..#.####'##.§###..#.#
#######.....w.#.#....#
#......###.###..#
#......#..:..#.##
#.....†###.###.#
#........'.#...#
#........###..##
##....##.....##


You could see a friendly quokka.

Vanquished Creatures
  An orc wizard (D:2)
  Robin (D:3)
  An ooze (D:1)
  A giant cockroach (D:3)
  5 hobgoblins
  2 jackals
  A kobold (D:2)
  A quokka (D:3)
  3 bats
  3 frilled lizards
  3 rats
22 creatures vanquished.

Vanquished Creatures (collateral kills)
  Menkaure (D:4)
  A howler monkey (D:4)
  A jelly (D:4)
  2 orc wizards
  An orc priest (D:4)
  An iguana (D:3)
  3 adders
  2 oozes (D:1)
  A worm (D:3)
  A dart slug (D:1)
  A leopard gecko (D:2)
  7 orcs
  5 bats
  3 giant cockroaches
  14 goblins
  7 hobgoblins
  3 jackals
  A quokka (D:2)
  A ball python (D:4)
  A frilled lizard (D:3)
  A kobold (D:1)
  A rat (D:3)
59 creatures vanquished.

Grand Total: 81 creatures vanquished

Notes
Turn   | Place    | Note
-------+----------+-------------------------------------------
     0 | D:1      | MalarOregon the Draconian Summoner began the quest for the
                  | Orb.
     0 | D:1      | Reached XP level 1. HP: 14/14 MP: 3/3
   270 | D:1      | Reached XP level 2. HP: 18/22 MP: 1/5
   574 | D:1      | Reached skill level 1 in Fighting
  1096 | D:2      | Found a shadowy altar of Dithmenos.
  1156 | D:2      | Reached XP level 3. HP: 18/28 MP: 1/6
  1250 | D:2      | Found a shattered altar of Ashenzari.
  1250 | D:2      | Found a snail-covered altar of Cheibriados.
  1545 | D:2      | You fall into a shaft and drop 2 floors!
  2109 | D:2      | Reached XP level 4. HP: 31/36 MP: 4/7
  2579 | D:3      | Reached skill level 1 in Shields
  2889 | D:3      | Identified the +2 helmet of the Blizzard {*Drain Str+10
                  | Int+2 Dex-2}
  2889 | D:3      | Noticed Robin
  2944 | D:3      | Killed Robin
  3382 | D:4      | Reached XP level 5. HP: 41/41 MP: 5/9
  3662 | D:4      | Reached skill level 1 in Throwing
  3665 | D:4      | Noticed Menkaure
  3685 | D:4      | Killed Menkaure
  4027 | D:4      | Reached XP level 6. HP: 26/50 MP: 2/10
  4045 | D:4      | Killed from afar by an orc wizard

Levels and vault maps discovered:
D:1:      lightli_arrival_windingriver, layout_rooms, item_on_display_a
D:2:      layout_basic, old_standard_altar,
          chequers_temple_overflow_statue_of_worship, minmay_misc_feat_tiny,
          minmay_misc_feat_four_crosses, minmay_unequal
D:3:      layout_basic, uniq_robin
D:4:      layout_gridville, lemuel_round_altar, grunt_temple_overflow_open,
          temple_hall, first_ration, minmay_a_box_with_orc_wizards_in_it,
          uniq_menkaure

Skill      XL: |  1  2  3  4  5 |
---------------+----------------+-----
Dodging        | 2 |  2.9
Fighting       | 1 2 |  2.7
Shields        | 1 |  1.5
Throwing       | 1 |  1.1
Spellcasting   | 3 |  3.0
Stealth        | |  1.7
Summonings     | |  4.9

Action                   |  1- 3 |  4- 6 || total
-------------------------+-------+-------++-------
Melee: Unarmed           |   133 |   128 ||   261
       Tailslap          |    11 |    13 ||    24
Throw: Dart              |     2 |       ||     2
 Cast: Summon Small Mamm |    56 |    73 ||   129
 Stab: Sleeping          |     2 |     2 ||     4
       Distracted        |       |     1 ||     1
  Eat: Chunk             |     4 |     7 ||    11
Armor: Skin              |    39 |    49 ||    88
Dodge: Dodged            |   105 |    75 ||   180
Block: Buckler           |    16 |    22 ||    38

Table legend:
 A = Non-vault XP
 B = Vault XP
 C = Vault XP percentage of total XP
 D = Non-vault monster count
 E = Vault monster count
 F = Vault count percentage of total count
                 A         B        C        D         E       F
            +---------+---------+-------+---------+---------+-------
      Total |     229 |     157 |  40.7 |      62 |      19 |  23.5
            +---------+---------+-------+---------+---------+-------
        D:1 |      33 |       0 |   0.0 |      19 |       0 |   0.0
        D:2 |      41 |       6 |  12.8 |      11 |       4 |  26.7
        D:3 |      56 |      49 |  46.7 |      23 |      13 |  36.1
        D:4 |      99 |     102 |  50.7 |       9 |       2 |  18.2
            +---------+---------+-------+---------+---------+-------
